 Dungeon Crawl Stone Soup version 0.26-a0-1222-g14533b3512 (webtiles) character file.

Game seed: 15285728430128486218

683 voltaire321 the Sneak (level 7, -2/41 HPs)
             Began as a Kobold Enchanter on Dec 31, 2020.
             Slain by Pikel
             ... wielding a +2 whip of freezing
              (4 damage)
             ... on level 4 of the Dungeon.
             The game lasted 00:16:41 (6011 turns).

voltaire321 the Sneak (Kobold Enchanter)            Turns: 6011, Time: 00:16:42

Health: -2/41      AC:  2    Str:  6    XL:     7   Next: 93%
Magic:  2/12       EV: 17    Int: 17    God:
Gold:   320        SH:  0    Dex: 16    Spells: 1/13 levels left

rFire    . . .     SeeInvis .   a - +1 dagger
rCold    . . .     Faith    .   (shield restricted)
rNeg     . . .     Spirit   .   b - +0 robe
rPois    +         Reflect  .   (no helmet)
rElec    .         Harm     .   (no cloak)
rCorr    .         Rampage  .   (no gloves)
Will     .....                  (no boots)
Stlth    ++++......             (no amulet)
HPRegen  0.13/turn              v - ring of poison resistance
MPRegen  0.13/turn              y - ring of flight

@: no status effects
A: small, nightstalker 3
a: Evoke Flight


You were on level 4 of the Dungeon.
You visited 1 branch of the dungeon, and saw 6 of its levels.

You collected 320 gold pieces.

Inventory:

Hand Weapons
 a - a +1 dagger (weapon)
Armour
 b - a +0 robe (worn)
Jewellery
 v - a ring of poison resistance (left hand)
 y - a ring of flight (right hand)
Wands
 w - a wand of disintegration (19)
Scrolls
 c - 6 scrolls of remove curse
 d - 3 scrolls of fear
 g - 2 scrolls of identify
 m - a scroll of enchant weapon {unknown}
 p - 2 scrolls of teleportation {unknown}
 q - 2 scrolls of fog {unknown}
 s - a scroll of magic mapping {unknown}
 t - 2 scrolls of enchant armour {unknown}
 u - a scroll of blinking {unknown}
 x - a scroll of amnesia {unknown}
Potions
 e - a potion of flight {unknown}
 f - 2 potions of haste
 h - 3 potions of mutation
 i - a potion of heal wounds {unknown}
 j - 7 potions of curing
 k - a potion of lignification {unknown}
 l - a potion of attraction {unknown}
 n - 2 potions of might {unknown}
 o - a potion of berserk rage {unknown}
 r - a potion of invisibility {unknown}
 z - a potion of resistance {unknown}


   Skills:
 + Level 3.0 Fighting
 + Level 4.0 Short Blades
 + Level 4.3 Dodging
 + Level 5.9 Stealth
 + Level 3.7 Spellcasting
 + Level 4.2 Hexes
 + Level 2.5 Ice Magic


You had one spell level left.
You knew the following spells:

 Your Spells              Type           Power        Failure   Level
a - Corona                Hex            18%          2%          1
b - Ensorcelled Hibernat  Hex/Ice        28%          6%          2
c - Confusing Touch       Hex            17%          9%          3
d - Tukima's Dance        Hex            17%          9%          3
e - Dazzling Flash        Conj/Hex       20%          21%         3

Your spell library contained the following spells:

 Spells                   Type           Power        Failure   Level


Dungeon Overview and Level Annotations

Branches:
Dungeon (6/15)
 Temple: D:4-7

Altars:
Kikubaaqudgha
Okawaru
Qazlal

Annotations:
D:4 Pikel


Innate Abilities, Weirdness & Mutations

You are small and have problems with some larger weapons.
You are completely attuned to the shadows.


Message History

Aiming: Ensorcelled Hibernation (safe; 6% risk of failure)
Press: ? - help, Shift-Dir - straight line, f/p - Pikel
Aim: Pikel, wielding a +2 whip of freezing, wearing a +0 robe and carrying a wand of random effects (24) (chance to affect: 45%) Pikel resists with some effort.
Pikel hits you with a +2 whip of freezing!
Pikel freezes you.
Casting: Ensorcelled Hibernation (safe; 6% risk of failure)
Confirm with . or Enter, or press ? or * to list all spells.
You don't have enough magic to cast that spell.
Unknown command.
Pikel closely misses you.
The orc priest calls down the wrath of Beogh upon you.
Beogh smites you!
* * * LOW HITPOINT WARNING * * *
There is an open door here.
You closely miss the lemure. The lemure closely misses you.
Pikel hits you with a +2 whip of freezing!
* * * LOW HITPOINT WARNING * * *
Pikel freezes you.
You die...

.......'.................(.#
...##..#........#########...
...##..##.......#
........#.......#
........'.o.....#
........#.......#
........#.<....5#
...###..#.....55###### #+#
########†##@....#
#...5K.....# #....#.....#
#....#.....# #....#..)..#
#....#.....# ######.....#
#.....###### #.....#


You could see Pikel and 4 lemures.

Vanquished Creatures
  2 ogres (D:4)
  A scorpion (D:4)
  3 hounds
  2 iguanas (D:6)
  2 orc wizards (D:3)
  4 worker ants
  A howler monkey skeleton (D:5)
  5 adders
  An ufetubus (D:4)
  An adder skeleton (D:6)
  5 worms
  2 dart slugs
  5 leopard geckos
  11 orcs
  2 ball pythons
  5 giant cockroaches
  12 goblins
  8 hobgoblins
  4 jackals (D:3)
  3 quokkas
  7 bats
  4 frilled lizards
  7 kobolds
  7 rats
104 creatures vanquished.

Notes
Turn   | Place    | Note
-------+----------+-------------------------------------------
     0 | D:1      | voltaire321 the Kobold Enchanter began the quest for the
                  | Orb.
     0 | D:1      | Reached XP level 1. HP: 10/10 MP: 3/3
   366 | D:1      | Reached XP level 2. HP: 16/16 MP: 1/5
   499 | D:1      | Learned a level 2 spell: Ensorcelled Hibernation
   750 | D:1      | Reached XP level 3. HP: 20/20 MP: 6/6
  1265 | D:1      | Learned a level 3 spell: Confusing Touch
  1778 | D:2      | Reached skill level 1 in Fighting
  1854 | D:2      | Reached XP level 4. HP: 25/25 MP: 7/7
  2663 | D:2      | Found a stormy altar of Qazlal.
  2806 | D:3      | Found an iron altar of Okawaru.
  2987 | D:3      | Reached XP level 5. HP: 29/29 MP: 6/9
  3289 | D:3      | Reached skill level 1 in Ice Magic
  3832 | D:3      | Reached skill level 5 in Stealth
  3898 | D:4      | Noticed a lemure
  3899 | D:4      | Noticed Pikel
  3899 | D:4      | Noticed a lemure
  3901 | D:4      | Noticed a lemure
  3906 | D:3      | Reached XP level 6. HP: 35/35 MP: 5/10
  4572 | D:4      | Noticed an ogre
  4576 | D:4      | Killed an ogre
  4577 | D:4      | Reached XP level 7. HP: 40/40 MP: 11/11
  4649 | D:4      | Learned a level 3 spell: Tukima's Dance
  4704 | D:4      | You fall into a shaft and drop 2 floors!
  5138 | D:5      | Entered Level 5 of the Dungeon
  5486 | D:5      | Found an ancient bone altar of Kikubaaqudgha.
  5943 | D:4      | Learned a level 3 spell: Dazzling Flash
  6011 | D:4      | HP: 2/41 [Pikel/+2 whip of freezing (8)]
  6011 | D:4      | Slain by Pikel

Illustrated notes

Levels and vault maps discovered:
D:1:      kilobyte_arrival_exit_the_forest, layout_basic
D:2:      layout_basic, lemuel_round_altar, minmay_vboxes
D:3:      layout_basic, lemuel_crystal_altar
D:4:      layout_gridville, kennysheep_mini_moat, kennysheep_generic_room_10,
          uniq_pikel
D:5:      layout_loops_corners, minmay_temple_entry_statues_fountains,
          basic_altar
D:6:      kennysheep_orc_sif_temple, layout_basic

Skill      XL: |  1  2  3  4  5  6  7 |
---------------+----------------------+-----
Short Blades   | 2 3 4 |  4.0
Fighting       | 1 2 3 |  3.0
Dodging        | 3 4 |  4.3
Ice Magic      | 1 2 |  2.5
Stealth        | 5 |  5.9
Spellcasting   | 3 |  3.7
Hexes          | 4 |  4.2

Action                   |  1- 3 |  4- 6 |  7- 9 || total
-------------------------+-------+-------+-------++-------
Melee: Dagger            |    66 |    92 |    37 ||   195
 Cast: Corona            |     6 |     2 |       ||     8
       Ensorcelled Hiber |     8 |    37 |    27 ||    72
  Use: Scroll            |       |     7 |       ||     7
 Stab: Sleeping          |    30 |    38 |    20 ||    88
Armor: Robe              |     9 |     7 |     3 ||    19
Dodge: Dodged            |    40 |    98 |    41 ||   179

Table legend: (Time is in decaauts)
 A = Elapsed time spent in this place.
 B = Non-inter-level travel time spent in this place.
 C = Inter-level travel time spent in this place.
 D = Time resting spent in this place.
 E = Time spent auto-exploring this place.
 F = Levels seen in this place.
 G = Mean time per level.
                   A        B        C        D        E       F      G
               +--------+--------+--------+--------+--------+-----+--------+
         Total |   5989 |   5894 |     95 |   1883 |   2410 |   6 |  998.2 |
       Dungeon |   5989 |   5894 |     95 |   1883 |   2410 |   6 |  998.2 |
               +--------+--------+--------+--------+--------+-----+--------+

Top non-repeatable levels by time:
     D:1: 1533 daAuts
     D:2: 1512 daAuts
     D:3: 1032 daAuts
     D:4: 809 daAuts
     D:5: 669 daAuts
     D:6: 431 daAuts
